Punishers vs Ice Dragons
(R1)
Created - 12 octobre 2014 at 19:05
Goals
|
| Punishers |
1 |
4 |
0 |
5 |
| Ice Dragons |
2 |
2 |
0 |
4 |
|
Shots
|
| Punishers |
6 |
19 |
10 |
35 |
| Ice Dragons |
16 |
14 |
11 |
41 |
|
1st period
1. Ice Dragons , Troy Brouwer 5 (Patrick O'Sullivan) at 12:08 (PP)
2. Punishers , Éric Perrin 3 (Keaton Ellerby) at 15:18 (SH)
3. Ice Dragons , Martin Hanzal 4 (Mats Zuccarello, Alexander Radulov) at 15:34 (PP)
Penalties :
Brandon McMillan (Pro) for Boarding (Minor) at 5:21, Casey Cizikas (Pro) for Holding Stick (Minor) at 11:35, Zach Jones (Pro) for Tripping (Minor) at 15:08, Danny Syvret (Val) for Hooking (Minor) at 18:14
2nd period
4. Punishers , Éric Perrin 4 (Tom Gilbert, Mike Grier) at 0:12 (PP)
5. Punishers , Brad Isbister 3 (Éric Perrin, Mike Grier) at 1:04
6. Ice Dragons , Kevin Klein 1 (Adam Pardy) at 11:21 (PP)
7. Ice Dragons , Martin Hanzal 5 (Adam Pardy, Mats Zuccarello) at 11:29
8. Punishers , Mike Grier 8 (Éric Perrin) at 12:30
9. Punishers , Brad Isbister 4 (Éric Perrin, Tom Gilbert) at 13:42 (PP)
Penalties :
Adam Pineault (Pro) for Cross-checking (Minor) at 11:07, Mats Zuccarello (Val) for Hooking (Minor) at 12:47, Martin Hanzal (Val) for Roughing (Minor) at 16:44, Tom Gilbert (Pro) for Kneeing (Major) at 18:35
3rd period
No Goal
Penalties :
Simon Despres (Pro) for Roughing (Minor) at 12:27, Cal Clutterbuck (Val) for Hooking (Minor) at 15:04
Goalie Stats
Robin Lehner (Pro), 37 saves from 41 shots - (0,902), W, 4-2-0, 60:00 minutes
Justin Pogge (Val), 30 saves from 35 shots - (0,857), L, 0-1-0, 59:17 minutes
Players Stats for Punishers
Player Name G A P +/- PIM S H SB GA TA FO MP PP MP PK MP
------------------------------------------------------------------------------------
Adam McQuaid 0 0 0 0 0 0 0 1 0 1 0/0 11:11 0:00 2:09
Adam Pineault 0 0 0 0 2 3 1 0 2 0 4/5 16:04 2:35 0:00
Brad Isbister 2 0 2 2 0 5 2 0 1 0 2/3 25:56 4:08 5:52
Brandon McMillan 0 0 0 0 2 0 0 0 0 0 7/16 16:04 2:35 0:00
Casey Cizikas 0 0 0 0 2 0 0 0 0 0 2/6 11:19 0:00 1:03
Éric Perrin 2 3 5 2 0 9 3 0 1 0 21/46 28:31 3:59 5:49
Erik Condra 0 0 0 0 0 0 1 0 0 0 0/0 10:07 0:09 0:00
Justin Falk 0 0 0 2 0 2 0 1 0 0 0/0 17:12 2:20 3:06
Keaton Ellerby 0 1 1 0 0 5 2 2 0 1 0/0 27:38 4:23 6:26
Kris Chucko 0 0 0 0 0 1 2 0 0 1 0/0 12:31 0:00 3:05
Mark Fraser 0 0 0 2 0 0 1 0 0 0 0/0 18:25 2:20 3:28
Mike Blunden 0 0 0 0 0 0 1 0 0 0 0/0 5:26 0:00 0:00
Mike Grier 1 2 3 1 0 2 1 0 0 0 1/1 18:25 4:08 0:00
Mike Weber 0 0 0 0 0 0 2 0 0 0 0/0 8:11 0:00 0:00
Radek Smolenak 0 0 0 0 0 0 1 0 0 0 0/2 6:18 0:00 1:56
Simon Despres 0 0 0 0 2 1 1 0 0 0 0/0 6:02 0:00 0:00
Tanner Glass 0 0 0 0 0 3 2 0 0 1 0/2 18:36 2:35 2:19
Tom Gilbert 0 2 2 0 5 3 0 1 1 2 0/0 25:09 4:22 3:53
Zach Jones 0 0 0 0 2 1 0 2 0 0 0/0 6:39 0:00 1:02
Players Stats for Ice Dragons
Player Name G A P +/- PIM S H SB GA TA FO MP PP MP PK MP
------------------------------------------------------------------------------------
Adam Pardy 0 2 2 0 0 3 2 3 0 1 0/0 27:55 6:44 4:04
Alexander Radulov 0 1 1 -2 0 3 2 2 0 1 6/7 25:08 5:18 4:25
Boris Valabik 0 0 0 -2 0 0 2 0 0 0 0/0 16:54 2:59 0:00
Brayden McNabb 0 0 0 0 0 1 1 0 0 0 0/0 4:30 0:00 0:22
Cal Clutterbuck 0 0 0 0 2 4 2 1 0 1 0/0 16:37 3:44 1:04
Danny Syvret 0 0 0 0 2 0 0 0 0 0 0/0 6:05 0:19 1:39
Frazer Mclaren 0 0 0 0 0 0 0 0 0 0 0/0 5:57 0:00 0:00
John Mitchell 0 0 0 0 0 2 2 0 1 0 4/4 7:43 0:00 0:35
Jonathan Blum 0 0 0 0 0 0 0 1 0 0 0/0 11:54 2:59 0:38
Kevin Klein 1 0 1 0 0 2 4 1 0 0 0/0 27:55 6:44 4:04
Kris Beech 0 0 0 0 0 6 2 1 0 0 3/8 13:59 0:12 4:03
Martin Hanzal 2 0 2 -2 2 6 2 0 1 1 22/42 21:06 5:30 1:08
Mats Zuccarello 0 2 2 -2 2 1 2 2 2 0 1/1 19:46 5:18 0:00
Matt Walker 0 0 0 -2 0 1 0 1 0 0 0/0 16:22 0:00 2:39
Patrick O'Sullivan 0 1 1 0 0 1 2 1 1 0 7/15 15:58 3:56 0:00
Paul Bissonnette 0 0 0 0 0 0 1 0 0 0 1/1 11:52 0:48 0:23
Raymond Sawada 0 0 0 0 0 3 0 0 0 0 0/1 10:43 0:48 0:00
Shean Donovan 0 0 0 0 0 0 1 0 0 1 0/1 8:39 0:48 1:48
Troy Brouwer 1 0 1 0 0 8 0 0 0 0 0/1 15:38 3:44 0:00
Tyler Eckford 0 0 0 0 0 0 1 1 1 0 0/0 8:24 0:19 0:00
3 Stars
1 - Éric Perrin (Pro)
2 - Brad Isbister (Pro)
3 - Mike Grier (Pro)
Power Play
Punishers - 2 on 4 Attempt(s) - 50,00%
Ice Dragons - 3 on 6 Attempt(s) - 50,00%
Penalty Kill
Punishers - 3 on 6 Attempt(s) - 50,00%
- Score 1 goal in Penalty Kill
Ice Dragons - 2 on 4 Attempt(s) - 50,00%
- Score 0 goal in Penalty Kill
Official
Referees : Joannette Marc and Kozari Steve
Linesman : Bryan Pancich and Steve Miller
Game Notes
No Game Note
Finance
Level 1 -- Attendance: 1492 (74,60%) -- Ticket Income 52 220 $
Level 2 -- Attendance: 730 (73,00%) -- Ticket Income 10 950 $
Total Attendance: 2222 (74,07%)
Total Ticket Income: 63 170 $
Other Income: 3 158 $
Total Income: 66 328 $
Punishers
5 vs 5 Forward
Center Left Wing Right Wing Time % Phy DF OF
1 Éric Perrin Brad Isbister Mike Grier 40 1 2 2
2 Brandon McMillan Tanner Glass Adam Pineault 30 1 2 2
3 Casey Cizikas Kris Chucko Erik Condra 20 1 2 2
4 Éric Perrin Radek Smolenak Mike Blunden 10 1 2 2
5 vs 5 Defense
Defense Defense Time % Phy DF OF
1 Tom Gilbert Keaton Ellerby 40 1 2 2
2 Mark Fraser Justin Falk 30 1 2 2
3 Mike Weber Adam McQuaid 20 1 2 2
4 Zach Jones Simon Despres 10 1 2 2
PowerPlay Forward
Center Left Wing Right Wing Time % Phy DF OF
1 Éric Perrin Brad Isbister Mike Grier 60 1 2 2
2 Brandon McMillan Tanner Glass Adam Pineault 40 1 2 2
PowerPlay Defense
Defense Defense Time % Phy DF OF
1 Tom Gilbert Keaton Ellerby 60 1 2 2
2 Mark Fraser Justin Falk 40 1 2 2
Penalty Kill 4 Players Forward
Center Wing Time % Phy DF OF
1 Éric Perrin Brad Isbister 60 1 2 2
2 Tanner Glass Kris Chucko 40 1 2 2
Penalty Kill 4 Players Defense
Defense Defense Time % Phy DF OF
1 Tom Gilbert Keaton Ellerby 60 1 2 2
2 Mark Fraser Justin Falk 40 1 2 2
Penalty Kill - 3 Players Forward
Forward Time % Phy DF OF
1 Éric Perrin 60 1 2 2
2 Brad Isbister 40 1 2 2
Penalty Kill - 3 Players Defense
Defense Defense Time % Phy DF OF
1 Tom Gilbert Keaton Ellerby 60 1 2 2
2 Mark Fraser Justin Falk 40 1 2 2
4 vs 4 Forward
Center Wing Time % Phy DF OF
1 Éric Perrin Brad Isbister 60 1 2 2
2 Tanner Glass Kris Chucko 40 1 2 2
4 vs 4 Defense
Defense Defense Time % Phy DF OF
1 Tom Gilbert Keaton Ellerby 60 1 2 2
2 Mark Fraser Justin Falk 40 1 2 2
Last Minutes Offensive
Center Left Wing Right Wing Defense Defense
Éric Perrin Brad Isbister Mike Grier Tom Gilbert Keaton Ellerby
Last Minutes Defensive
Center Left Wing Right Wing Defense Defense
Éric Perrin Brad Isbister Mike Grier Tom Gilbert Keaton Ellerby
Goaltenders
Starting : Robin Lehner
Backup : Kevin Poulin
Extra Forwards
Normal : Erik Condra, Mike Blunden, Radek Smolenak - PP : Erik Condra, Mike Blunden - PK : Radek Smolenak
Extra Defensemen
Normal : Mike Weber, Adam McQuaid, Zach Jones - PP : Mike Weber - PK : Adam McQuaid, Zach Jones
Penalty Shots
Éric Perrin, Brad Isbister, Tanner Glass, Kris Chucko, Mike Grier
Ice Dragons
5 vs 5 Forward
Center Left Wing Right Wing Time % Phy DF OF
1 Martin Hanzal Mats Zuccarello Alexander Radulov 39 0 2 3
2 Patrick O'Sullivan Troy Brouwer Cal Clutterbuck 28 0 2 3
3 Kris Beech Paul Bissonnette Raymond Sawada 25 0 2 3
4 John Mitchell Frazer Mclaren Shean Donovan 8 1 3 1
5 vs 5 Defense
Defense Defense Time % Phy DF OF
1 Adam Pardy Kevin Klein 40 0 2 3
2 Matt Walker Boris Valabik 30 0 2 3
3 Tyler Eckford Jonathan Blum 20 1 3 1
4 Brayden McNabb Danny Syvret 10 1 3 1
PowerPlay Forward
Center Left Wing Right Wing Time % Phy DF OF
1 Martin Hanzal Mats Zuccarello Alexander Radulov 60 1 1 3
2 Patrick O'Sullivan Troy Brouwer Cal Clutterbuck 40 1 1 3
PowerPlay Defense
Defense Defense Time % Phy DF OF
1 Adam Pardy Kevin Klein 60 0 2 3
2 Jonathan Blum Boris Valabik 40 0 2 3
Penalty Kill 4 Players Forward
Center Wing Time % Phy DF OF
1 Kris Beech Alexander Radulov 60 1 4 0
2 Cal Clutterbuck Shean Donovan 40 1 4 0
Penalty Kill 4 Players Defense
Defense Defense Time % Phy DF OF
1 Adam Pardy Kevin Klein 60 1 4 0
2 Matt Walker Danny Syvret 40 1 4 0
Penalty Kill - 3 Players Forward
Forward Time % Phy DF OF
1 Kris Beech 60 0 5 0
2 Shean Donovan 40 0 5 0
Penalty Kill - 3 Players Defense
Defense Defense Time % Phy DF OF
1 Kevin Klein Boris Valabik 60 0 5 0
2 Matt Walker Danny Syvret 40 0 5 0
4 vs 4 Forward
Center Wing Time % Phy DF OF
1 Patrick O'Sullivan Kris Beech 60 0 2 3
2 Mats Zuccarello Troy Brouwer 40 0 2 3
4 vs 4 Defense
Defense Defense Time % Phy DF OF
1 Adam Pardy Kevin Klein 60 1 3 1
2 Matt Walker Boris Valabik 40 1 3 1
Last Minutes Offensive
Center Left Wing Right Wing Defense Defense
Patrick O'Sullivan Cal Clutterbuck Alexander Radulov Adam Pardy Kevin Klein
Last Minutes Defensive
Center Left Wing Right Wing Defense Defense
Kris Beech Mats Zuccarello Shean Donovan Adam Pardy Boris Valabik
Goaltenders
Starting : Justin Pogge
Backup : Anders Nilsson
Extra Forwards
Normal : Troy Brouwer, Alexander Radulov, Cal Clutterbuck - PP : Mats Zuccarello, Shean Donovan - PK : Martin Hanzal
Extra Defensemen
Normal : Tyler Eckford, Jonathan Blum, Brayden McNabb - PP : Tyler Eckford - PK : Jonathan Blum, Brayden McNabb
Penalty Shots
Martin Hanzal, Troy Brouwer, Alexander Radulov, Mats Zuccarello, Cal Clutterbuck
% Time on Ice - Punishers
Lines # - Real PCT - Wanted PCT - Time Play
Normal Forward
1 - 35% - 40% - 14:42
2 - 33% - 30% - 14:03
3 - 22% - 20% - 9:21
4 - 9% - 10% - 3:55
Normal Defense
1 - 40% - 40% - 16:44
2 - 28% - 30% - 11:38
3 - 19% - 20% - 8:11
4 - 13% - 10% - 5:28
PP Forward
1 - 62% - 60% - 4:08
2 - 38% - 40% - 2:35
PP Defense
1 - 65% - 60% - 4:23
2 - 35% - 40% - 2:20
PK Forward
1 - 80% - 60% - 8:04
2 - 20% - 40% - 1:58
PK Defense
1 - 69% - 60% - 6:56
2 - 31% - 40% - 3:06
PK3 Forward
1 - 0% - 60%
2 - 0% - 40%
PK3 Defense
1 - 0% - 60%
2 - 0% - 40%
44 Forward
1 - 100% - 60% - 0:08
2 - 0% - 40% - 0:00
44 Defense
1 - 0% - 60% - 0:00
2 - 100% - 40% - 0:08
Last Minute Offensive - 0:00
Last Minute Defensive - 1:06
Total
Forward - 60:00
Defense - 60:00
|
% Time on Ice - Ice Dragons
Lines # - Real PCT - Wanted PCT - Time Play
Normal Forward
1 - 34% - 39% - 14:29
2 - 29% - 28% - 12:00
3 - 23% - 25% - 9:36
4 - 14% - 8% - 5:57
Normal Defense
1 - 38% - 40% - 16:08
2 - 33% - 30% - 13:41
3 - 19% - 20% - 8:05
4 - 10% - 10% - 4:08
PP Forward
1 - 63% - 60% - 6:18
2 - 37% - 40% - 3:44
PP Defense
1 - 70% - 60% - 7:03
2 - 30% - 40% - 2:59
PK Forward
1 - 73% - 60% - 4:55
2 - 27% - 40% - 1:48
PK Defense
1 - 61% - 60% - 4:04
2 - 39% - 40% - 2:39
PK3 Forward
1 - 0% - 60%
2 - 0% - 40%
PK3 Defense
1 - 0% - 60%
2 - 0% - 40%
44 Forward
1 - 100% - 60% - 0:08
2 - 0% - 40% - 0:00
44 Defense
1 - 100% - 60% - 0:08
2 - 0% - 40% - 0:00
Last Minute Offensive - 1:05
Last Minute Defensive - 0:00
Total
Forward - 60:00
Defense - 60:00
|
Play by Play
1st period
0:01 of 1st period - Alexander Radulov wins face-off versus Éric Perrin in neutral zone.
0:43 of 1st period - Icing by Mark Fraser.
0:44 of 1st period - Kris Beech wins face-off versus Brandon McMillan in Punishers zone.
0:59 of 1st period - Slapshot by Kris Beech.
0:59 of 1st period - Stopped by Robin Lehner without a rebound.
1:00 of 1st period - John Mitchell wins face-off versus Casey Cizikas in Punishers zone.
1:09 of 1st period - Snap shot by John Mitchell.
1:09 of 1st period - Stopped by Robin Lehner with a rebound.
1:25 of 1st period - Shean Donovan is hit by Mike Weber and loses puck.
1:46 of 1st period - Wrist shot by Alexander Radulov.
1:46 of 1st period - Stopped by Robin Lehner without a rebound.
1:47 of 1st period - Martin Hanzal wins face-off versus Brandon McMillan in Punishers zone.
2:02 of 1st period - Snap shot by Mats Zuccarello.
2:02 of 1st period - Shot Misses the Net.
2:18 of 1st period - Backhand shot by Patrick O'Sullivan.
2:18 of 1st period - Shot Blocked by Keaton Ellerby.
4:09 of 1st period - Icing by Justin Falk.
4:10 of 1st period - Mats Zuccarello wins face-off versus Casey Cizikas in Punishers zone.
4:35 of 1st period - Justin Falk is hit by Paul Bissonnette and loses puck.
4:40 of 1st period - Slapshot by Kris Beech.
4:40 of 1st period - Stopped by Robin Lehner without a rebound.
4:41 of 1st period - Brad Isbister wins face-off versus Kris Beech in Punishers zone.
5:06 of 1st period - Snap shot by Kris Beech.
5:06 of 1st period - Shot Misses the Net.
5:08 of 1st period - Snap shot by Paul Bissonnette.
5:08 of 1st period - Shot Misses the Net.
5:10 of 1st period - Wrist shot by Kris Beech.
5:10 of 1st period - Shot Blocked by Zach Jones.
5:12 of 1st period - Snap shot by Kris Beech.
5:12 of 1st period - Shot Blocked by Zach Jones.
5:14 of 1st period - Slapshot by Raymond Sawada.
5:14 of 1st period - Stopped by Robin Lehner with a rebound.
5:16 of 1st period - Slapshot by Danny Syvret.
5:16 of 1st period - Shot Misses the Net.
5:18 of 1st period - Slapshot by Brayden McNabb.
5:18 of 1st period - Deflect By Mike Grier.
5:18 of 1st period - Stopped by Robin Lehner without a rebound.
5:19 of 1st period - Brandon McMillan wins face-off versus Martin Hanzal in Punishers zone.
5:21 of 1st period - Minor Penalty to Brandon McMillan for Boarding.
5:22 of 1st period - Éric Perrin wins face-off versus Martin Hanzal in Punishers zone.
5:38 of 1st period - Slapshot by Martin Hanzal.
5:38 of 1st period - Shot Misses the Net.
6:13 of 1st period - Mark Fraser is hit by Mats Zuccarello and loses puck.
7:21 of 1st period - Penalty to Brandon McMillan is over, Brandon McMillan is back on ice.
7:46 of 1st period - Off-side.
7:47 of 1st period - John Mitchell wins face-off versus Casey Cizikas in neutral zone.
7:50 of 1st period - Slapshot by John Mitchell.
7:50 of 1st period - Stopped by Robin Lehner with a rebound.
8:33 of 1st period - Snap shot by Mats Zuccarello.
8:33 of 1st period - Deflect By Tanner Glass.
8:33 of 1st period - Shot Misses the Net.
8:33 of 1st period - Puck is out of play.
8:34 of 1st period - Patrick O'Sullivan wins face-off versus Éric Perrin in Punishers zone.
8:35 of 1st period - Wrist shot by Troy Brouwer.
8:35 of 1st period - Stopped by Robin Lehner without a rebound.
8:36 of 1st period - Éric Perrin wins face-off versus Patrick O'Sullivan in Punishers zone.
8:43 of 1st period - Slapshot by Éric Perrin.
8:43 of 1st period - Stopped by Justin Pogge with a rebound.
8:49 of 1st period - Éric Perrin is hit by Cal Clutterbuck and loses puck.
9:06 of 1st period - Snap shot by Alexander Radulov.
9:06 of 1st period - Shot Misses the Net.
9:12 of 1st period - Wrist shot by Alexander Radulov.
9:12 of 1st period - Shot Misses the Net.
9:42 of 1st period - Mike Weber is hit by Kevin Klein and loses puck.
9:49 of 1st period - John Mitchell is hit by Simon Despres and loses puck.
9:57 of 1st period - Icing by Adam Pardy.
9:58 of 1st period - Brandon McMillan wins face-off versus Shean Donovan in Ice Dragons zone.
9:59 of 1st period - Wrist shot by Adam Pineault.
9:59 of 1st period - Stopped by Justin Pogge without a rebound.
10:00 of 1st period - Alexander Radulov wins face-off versus Adam Pineault in Ice Dragons zone.
10:52 of 1st period - Off-side.
10:53 of 1st period - Martin Hanzal wins face-off versus Éric Perrin in neutral zone.
11:00 of 1st period - Snap shot by Éric Perrin.
11:00 of 1st period - Stopped by Justin Pogge with a rebound.
11:20 of 1st period - Cal Clutterbuck is hit by Tanner Glass and loses puck.
11:35 of 1st period - Minor Penalty to Casey Cizikas for Holding Stick.
11:36 of 1st period - Éric Perrin wins face-off versus Martin Hanzal in Punishers zone.
11:45 of 1st period - Brad Isbister is hit by Mats Zuccarello and loses puck.
12:06 of 1st period - Snap shot by Troy Brouwer.
12:06 of 1st period - Stopped by Robin Lehner without a rebound.
12:07 of 1st period - Patrick O'Sullivan wins face-off versus Tanner Glass in Punishers zone.
12:08 of 1st period - Snap shot by Troy Brouwer.
12:08 of 1st period - Goal by Troy Brouwer - Punishers : 0 - Ice Dragons : 1.
12:09 of 1st period - Martin Hanzal wins face-off versus Éric Perrin in neutral zone.
12:17 of 1st period - Éric Perrin is hit by Kevin Klein and loses puck.
12:36 of 1st period - Slapshot by Raymond Sawada.
12:36 of 1st period - Stopped by Robin Lehner without a rebound.
12:37 of 1st period - Adam Pineault wins face-off versus Kris Beech in Punishers zone.
13:03 of 1st period - Matt Walker is hit by Kris Chucko and loses puck.
13:16 of 1st period - Kris Chucko is hit by Alexander Radulov and loses puck.
13:51 of 1st period - Wrist shot by Brad Isbister.
13:51 of 1st period - Deflect By Adam Pardy.
13:51 of 1st period - Shot Blocked by Cal Clutterbuck.
13:51 of 1st period - Puck is out of play.
13:52 of 1st period - Éric Perrin wins face-off versus Patrick O'Sullivan in Ice Dragons zone.
15:08 of 1st period - Minor Penalty to Zach Jones for Tripping.
15:09 of 1st period - Éric Perrin wins face-off versus Martin Hanzal in Punishers zone.
15:18 of 1st period - Snap shot by Éric Perrin.
15:18 of 1st period - Goal by Éric Perrin - Punishers : 1 - Ice Dragons : 1.
15:19 of 1st period - Martin Hanzal wins face-off versus Éric Perrin in neutral zone.
15:24 of 1st period - Snap shot by Mats Zuccarello.
15:24 of 1st period - Stopped by Robin Lehner with a rebound.
15:26 of 1st period - Wrist shot by Martin Hanzal.
15:26 of 1st period - Stopped by Robin Lehner without a rebound.
15:27 of 1st period - Martin Hanzal wins face-off versus Éric Perrin in Punishers zone.
15:28 of 1st period - Wrist shot by Mats Zuccarello.
15:28 of 1st period - Shot Blocked by Tom Gilbert.
15:30 of 1st period - Wrist shot by Alexander Radulov.
15:30 of 1st period - Shot Misses the Net.
15:32 of 1st period - Snap shot by Mats Zuccarello.
15:32 of 1st period - Shot Blocked by Keaton Ellerby.
15:34 of 1st period - Wrist shot by Martin Hanzal.
15:34 of 1st period - Goal by Martin Hanzal - Punishers : 1 - Ice Dragons : 2.
15:35 of 1st period - Éric Perrin wins face-off versus Martin Hanzal in neutral zone.
16:11 of 1st period - Justin Falk is hit by Adam Pardy and loses puck.
16:24 of 1st period - Patrick O'Sullivan is hit by Radek Smolenak.
16:38 of 1st period - Snap shot by Troy Brouwer.
16:38 of 1st period - Stopped by Robin Lehner with a rebound.
16:40 of 1st period - Slapshot by Adam Pardy.
16:40 of 1st period - Shot Misses the Net.
16:42 of 1st period - Wrist shot by Adam Pardy.
16:42 of 1st period - Shot Blocked by Justin Falk.
16:44 of 1st period - Snap shot by Patrick O'Sullivan.
16:44 of 1st period - Stopped by Robin Lehner without a rebound.
16:45 of 1st period - Alexander Radulov wins face-off versus Brandon McMillan in Punishers zone.
17:38 of 1st period - Slapshot by Éric Perrin.
17:38 of 1st period - Shot Blocked by Jonathan Blum.
17:40 of 1st period - Wrist shot by Brad Isbister.
17:40 of 1st period - Shot Blocked by Tyler Eckford.
17:42 of 1st period - Snap shot by Brad Isbister.
17:42 of 1st period - Stopped by Justin Pogge with a rebound.
17:46 of 1st period - Snap shot by Brad Isbister.
17:46 of 1st period - Stopped by Justin Pogge with a rebound.
17:58 of 1st period - Mike Weber is hit by Tyler Eckford and loses puck.
18:14 of 1st period - Minor Penalty to Danny Syvret for Hooking.
18:15 of 1st period - Éric Perrin wins face-off versus Kris Beech in Ice Dragons zone.
19:24 of 1st period - Justin Falk is hit by Martin Hanzal and loses puck.
Goals for this period are 1 for Punishers vs 2 for Ice Dragons.
Shots for this period are 6 for Punishers vs 16 for Ice Dragons.
2nd period
0:01 of 2nd period - Alexander Radulov wins face-off versus Brad Isbister in neutral zone.
0:12 of 2nd period - Snap shot by Éric Perrin.
0:12 of 2nd period - Goal by Éric Perrin - Punishers : 2 - Ice Dragons : 2.
0:13 of 2nd period - Martin Hanzal wins face-off versus Éric Perrin in neutral zone.
0:19 of 2nd period - Kevin Klein is hit by Keaton Ellerby and loses puck.
0:28 of 2nd period - Wrist shot by Martin Hanzal.
0:28 of 2nd period - Stopped by Robin Lehner without a rebound.
0:29 of 2nd period - Patrick O'Sullivan wins face-off versus Brandon McMillan in Punishers zone.
1:04 of 2nd period - Wrist shot by Brad Isbister.
1:04 of 2nd period - Goal by Brad Isbister - Punishers : 3 - Ice Dragons : 2.
1:05 of 2nd period - Martin Hanzal wins face-off versus Éric Perrin in neutral zone.
1:07 of 2nd period - Off-side.
1:08 of 2nd period - Éric Perrin wins face-off versus Martin Hanzal in neutral zone.
1:37 of 2nd period - Snap shot by Kris Beech.
1:37 of 2nd period - Stopped by Robin Lehner with a rebound.
1:39 of 2nd period - Slapshot by Kevin Klein.
1:39 of 2nd period - Shot Misses the Net.
1:41 of 2nd period - Snap shot by Kris Beech.
1:41 of 2nd period - Stopped by Robin Lehner without a rebound.
1:42 of 2nd period - Brandon McMillan wins face-off versus Martin Hanzal in Punishers zone.
1:46 of 2nd period - Off-side.
1:47 of 2nd period - Martin Hanzal wins face-off versus Brandon McMillan in neutral zone.
2:22 of 2nd period - Boris Valabik is hit by Mike Weber and loses puck.
2:44 of 2nd period - Slapshot by Martin Hanzal.
2:44 of 2nd period - Stopped by Robin Lehner without a rebound.
2:45 of 2nd period - Patrick O'Sullivan wins face-off versus Brandon McMillan in Punishers zone.
2:48 of 2nd period - Snap shot by Cal Clutterbuck.
2:48 of 2nd period - Deflect By Troy Brouwer.
2:48 of 2nd period - Stopped by Robin Lehner with a rebound.
4:20 of 2nd period - Paul Bissonnette is hit by Kris Chucko and loses puck.
6:02 of 2nd period - Icing by Tanner Glass.
6:03 of 2nd period - Brad Isbister wins face-off versus Martin Hanzal in Punishers zone.
6:34 of 2nd period - Snap shot by Adam Pineault.
6:34 of 2nd period - Shot Blocked by Adam Pardy.
6:52 of 2nd period - Keaton Ellerby is hit by Kris Beech and loses puck.
7:24 of 2nd period - Snap shot by Adam Pineault.
7:24 of 2nd period - Stopped by Justin Pogge with a rebound.
7:30 of 2nd period - Tom Gilbert is hit by Boris Valabik.
7:47 of 2nd period - Casey Cizikas is hit by Patrick O'Sullivan and loses puck.
8:34 of 2nd period - Off-side.
8:35 of 2nd period - Brandon McMillan wins face-off versus Patrick O'Sullivan in neutral zone.
8:35 of 2nd period - Brandon McMillan is hit by Patrick O'Sullivan.
8:44 of 2nd period - Icing by Troy Brouwer.
8:45 of 2nd period - Patrick O'Sullivan wins face-off versus Brandon McMillan in Ice Dragons zone.
9:12 of 2nd period - Troy Brouwer is hit by Erik Condra.
9:30 of 2nd period - Wrist shot by Patrick O'Sullivan.
9:30 of 2nd period - Shot Misses the Net.
9:36 of 2nd period - Slapshot by Troy Brouwer.
9:36 of 2nd period - Stopped by Robin Lehner with a rebound.
9:38 of 2nd period - Wrist shot by Troy Brouwer.
9:38 of 2nd period - Shot Misses the Net.
9:40 of 2nd period - Snap shot by Troy Brouwer.
9:40 of 2nd period - Shot Misses the Net.
9:42 of 2nd period - Slapshot by Cal Clutterbuck.
9:42 of 2nd period - Stopped by Robin Lehner without a rebound.
9:43 of 2nd period - Alexander Radulov wins face-off versus Brandon McMillan in Punishers zone.
9:54 of 2nd period - Slapshot by Adam Pineault.
9:54 of 2nd period - Shot Misses the Net.
9:56 of 2nd period - Snap shot by Tom Gilbert.
9:56 of 2nd period - Stopped by Justin Pogge with a rebound.
9:58 of 2nd period - Slapshot by Keaton Ellerby.
9:58 of 2nd period - Deflect By Martin Hanzal.
9:58 of 2nd period - Stopped by Justin Pogge with a rebound.
10:05 of 2nd period - Icing by Adam Pardy.
10:06 of 2nd period - Martin Hanzal wins face-off versus Éric Perrin in Ice Dragons zone.
10:06 of 2nd period - Martin Hanzal is hit by Éric Perrin.
10:12 of 2nd period - Slapshot by Kris Beech.
10:12 of 2nd period - Stopped by Robin Lehner with a rebound.
10:32 of 2nd period - Kris Beech is hit by Mark Fraser and loses puck.
11:07 of 2nd period - Minor Penalty to Adam Pineault for Cross-checking.
11:08 of 2nd period - Éric Perrin wins face-off versus Martin Hanzal in Punishers zone.
11:12 of 2nd period - Adam Pardy is hit by Brad Isbister and loses puck.
11:21 of 2nd period - Slapshot by Kevin Klein.
11:21 of 2nd period - Goal by Kevin Klein - Punishers : 3 - Ice Dragons : 3.
11:22 of 2nd period - Martin Hanzal wins face-off versus Éric Perrin in neutral zone.
11:25 of 2nd period - Snap shot by Mats Zuccarello.
11:25 of 2nd period - Shot Misses the Net.
11:27 of 2nd period - Snap shot by Adam Pardy.
11:27 of 2nd period - Stopped by Robin Lehner with a rebound.
11:29 of 2nd period - Slapshot by Martin Hanzal.
11:29 of 2nd period - Deflect By Brad Isbister.
11:29 of 2nd period - Goal by Martin Hanzal - Punishers : 3 - Ice Dragons : 4.
11:30 of 2nd period - Éric Perrin wins face-off versus Martin Hanzal in neutral zone.
11:32 of 2nd period - Off-side.
11:33 of 2nd period - Éric Perrin wins face-off versus Alexander Radulov in neutral zone.
11:36 of 2nd period - Slapshot by Keaton Ellerby.
11:36 of 2nd period - Stopped by Justin Pogge without a rebound.
11:37 of 2nd period - Martin Hanzal wins face-off versus Éric Perrin in Ice Dragons zone.
12:04 of 2nd period - Snap shot by Cal Clutterbuck.
12:04 of 2nd period - Stopped by Robin Lehner with a rebound.
12:06 of 2nd period - Slapshot by Cal Clutterbuck.
12:06 of 2nd period - Stopped by Robin Lehner without a rebound.
12:07 of 2nd period - Patrick O'Sullivan wins face-off versus Éric Perrin in Punishers zone.
12:10 of 2nd period - Snap shot by Troy Brouwer.
12:10 of 2nd period - Stopped by Robin Lehner with a rebound.
12:16 of 2nd period - Snap shot by Éric Perrin.
12:16 of 2nd period - Stopped by Justin Pogge without a rebound.
12:17 of 2nd period - Éric Perrin wins face-off versus Martin Hanzal in Ice Dragons zone.
12:26 of 2nd period - Wrist shot by Éric Perrin.
12:26 of 2nd period - Shot Blocked by Matt Walker.
12:28 of 2nd period - Backhand shot by Mike Grier.
12:28 of 2nd period - Stopped by Justin Pogge with a rebound.
12:30 of 2nd period - Snap shot by Mike Grier.
12:30 of 2nd period - Goal by Mike Grier - Punishers : 4 - Ice Dragons : 4.
12:31 of 2nd period - Éric Perrin wins face-off versus Martin Hanzal in neutral zone.
12:37 of 2nd period - Wrist shot by Mike Grier.
12:37 of 2nd period - Shot Misses the Net.
12:39 of 2nd period - Slapshot by Keaton Ellerby.
12:39 of 2nd period - Stopped by Justin Pogge without a rebound.
12:40 of 2nd period - Éric Perrin wins face-off versus Martin Hanzal in Ice Dragons zone.
12:43 of 2nd period - Snap shot by Éric Perrin.
12:43 of 2nd period - Stopped by Justin Pogge without a rebound.
12:44 of 2nd period - Martin Hanzal wins face-off versus Éric Perrin in Ice Dragons zone.
12:44 of 2nd period - Martin Hanzal is hit by Mike Grier.
12:47 of 2nd period - Minor Penalty to Mats Zuccarello for Hooking.
12:48 of 2nd period - Kris Beech wins face-off versus Éric Perrin in Ice Dragons zone.
12:48 of 2nd period - Alexander Radulov is hit by Keaton Ellerby.
13:24 of 2nd period - Slapshot by Brad Isbister.
13:24 of 2nd period - Shot Blocked by Kevin Klein.
13:26 of 2nd period - Slapshot by Tom Gilbert.
13:26 of 2nd period - Shot Misses the Net.
13:40 of 2nd period - Snap shot by Brad Isbister.
13:40 of 2nd period - Shot Blocked by Adam Pardy.
13:42 of 2nd period - Wrist shot by Brad Isbister.
13:42 of 2nd period - Goal by Brad Isbister - Punishers : 5 - Ice Dragons : 4.
13:43 of 2nd period - Brandon McMillan wins face-off versus Patrick O'Sullivan in neutral zone.
13:50 of 2nd period - Snap shot by Adam Pineault.
13:50 of 2nd period - Stopped by Justin Pogge with a rebound.
13:58 of 2nd period - Wrist shot by Tanner Glass.
13:58 of 2nd period - Stopped by Justin Pogge with a rebound.
14:18 of 2nd period - Snap shot by Kris Chucko.
14:18 of 2nd period - Stopped by Justin Pogge without a rebound.
14:19 of 2nd period - Mike Grier wins face-off versus Martin Hanzal in Ice Dragons zone.
14:44 of 2nd period - Brad Isbister is hit by Kevin Klein and loses puck.
16:17 of 2nd period - Jonathan Blum is hit by Adam Pineault and loses puck.
16:27 of 2nd period - Tom Gilbert is hit by Brayden McNabb.
16:29 of 2nd period - Slapshot by Keaton Ellerby.
16:29 of 2nd period - Stopped by Justin Pogge with a rebound.
16:31 of 2nd period - Snap shot by Keaton Ellerby.
16:31 of 2nd period - Stopped by Justin Pogge without a rebound.
16:32 of 2nd period - Casey Cizikas wins face-off versus Martin Hanzal in Ice Dragons zone.
16:35 of 2nd period - Wrist shot by Radek Smolenak.
16:35 of 2nd period - Shot Misses the Net.
16:37 of 2nd period - Snap shot by Radek Smolenak.
16:37 of 2nd period - Shot Misses the Net.
16:44 of 2nd period - Minor Penalty to Martin Hanzal for Roughing.
16:45 of 2nd period - Kris Beech wins face-off versus Tanner Glass in Ice Dragons zone.
17:31 of 2nd period - Icing by Tom Gilbert.
17:32 of 2nd period - Adam Pineault wins face-off versus Kris Beech in Punishers zone.
18:35 of 2nd period - Major Penalty to Tom Gilbert for Kneeing.
18:36 of 2nd period - Éric Perrin wins face-off versus Patrick O'Sullivan in Punishers zone.
18:44 of 2nd period - Penalty to Martin Hanzal is over, Martin Hanzal is back on ice.
18:45 of 2nd period - Snap shot by Éric Perrin.
18:45 of 2nd period - Shot Misses the Net.
18:47 of 2nd period - Wrist shot by Justin Falk.
18:47 of 2nd period - Stopped by Justin Pogge with a rebound.
18:49 of 2nd period - Slapshot by Justin Falk.
18:49 of 2nd period - Deflect By Martin Hanzal.
18:49 of 2nd period - Stopped by Justin Pogge with a rebound.
18:51 of 2nd period - Snap shot by Éric Perrin.
18:51 of 2nd period - Shot Misses the Net.
19:35 of 2nd period - Keaton Ellerby is hit by Cal Clutterbuck and loses puck.
19:54 of 2nd period - Slapshot by Keaton Ellerby.
19:54 of 2nd period - Deflect By Kris Chucko.
19:54 of 2nd period - Shot Misses the Net.
19:54 of 2nd period - Puck is out of play.
19:55 of 2nd period - Martin Hanzal wins face-off versus Radek Smolenak in Ice Dragons zone.
19:57 of 2nd period - Icing by Alexander Radulov.
19:58 of 2nd period - Martin Hanzal wins face-off versus Radek Smolenak in Ice Dragons zone.
Goals for this period are 4 for Punishers vs 2 for Ice Dragons.
Shots for this period are 19 for Punishers vs 14 for Ice Dragons.
3rd period
0:01 of 3rd period - Éric Perrin wins face-off versus Martin Hanzal in neutral zone.
0:06 of 3rd period - Wrist shot by Éric Perrin.
0:06 of 3rd period - Shot Misses the Net.
0:08 of 3rd period - Slapshot by Keaton Ellerby.
0:08 of 3rd period - Shot Blocked by Mats Zuccarello.
0:34 of 3rd period - Snap shot by Troy Brouwer.
0:34 of 3rd period - Shot Blocked by Adam McQuaid.
2:08 of 3rd period - Radek Smolenak is hit by Boris Valabik and loses puck.
2:28 of 3rd period - Mark Fraser is hit by Shean Donovan and loses puck.
2:55 of 3rd period - Radek Smolenak is hit by Martin Hanzal and loses puck.
3:19 of 3rd period - Icing by Adam Pardy.
3:20 of 3rd period - Martin Hanzal wins face-off versus Casey Cizikas in Ice Dragons zone.
3:35 of 3rd period - Penalty to Tom Gilbert is over, Tom Gilbert is back on ice.
3:45 of 3rd period - Mark Fraser is hit by John Mitchell and loses puck.
3:50 of 3rd period - Snap shot by Shean Donovan.
3:50 of 3rd period - Shot Misses the Net.
4:00 of 3rd period - Snap shot by Raymond Sawada.
4:00 of 3rd period - Shot Misses the Net.
4:02 of 3rd period - Slapshot by Raymond Sawada.
4:02 of 3rd period - Shot Misses the Net.
4:32 of 3rd period - Slapshot by Troy Brouwer.
4:32 of 3rd period - Stopped by Robin Lehner without a rebound.
4:33 of 3rd period - Brandon McMillan wins face-off versus Patrick O'Sullivan in Punishers zone.
4:43 of 3rd period - Wrist shot by Brandon McMillan.
4:43 of 3rd period - Shot Misses the Net.
4:45 of 3rd period - Slapshot by Zach Jones.
4:45 of 3rd period - Stopped by Justin Pogge with a rebound.
4:47 of 3rd period - Slapshot by Simon Despres.
4:47 of 3rd period - Stopped by Justin Pogge with a rebound.
5:04 of 3rd period - Wrist shot by Raymond Sawada.
5:04 of 3rd period - Stopped by Robin Lehner without a rebound.
5:05 of 3rd period - Martin Hanzal wins face-off versus Éric Perrin in Punishers zone.
5:20 of 3rd period - Slapshot by Éric Perrin.
5:20 of 3rd period - Deflect By Kevin Klein.
5:20 of 3rd period - Stopped by Justin Pogge without a rebound.
5:21 of 3rd period - Adam Pineault wins face-off versus Troy Brouwer in Ice Dragons zone.
5:31 of 3rd period - Off-side.
5:32 of 3rd period - Martin Hanzal wins face-off versus Éric Perrin in neutral zone.
5:35 of 3rd period - Slapshot by Kevin Klein.
5:35 of 3rd period - Shot Misses the Net.
5:47 of 3rd period - Mark Fraser is hit by Kevin Klein and loses puck.
6:00 of 3rd period - Wrist shot by Tanner Glass.
6:00 of 3rd period - Stopped by Justin Pogge with a rebound.
6:22 of 3rd period - Snap shot by Adam Pardy.
6:22 of 3rd period - Stopped by Robin Lehner with a rebound.
6:24 of 3rd period - Slapshot by Kevin Klein.
6:24 of 3rd period - Deflect By Paul Bissonnette.
6:24 of 3rd period - Shot Misses the Net.
6:24 of 3rd period - Puck is out of play.
6:25 of 3rd period - Éric Perrin wins face-off versus Raymond Sawada in Punishers zone.
6:25 of 3rd period - Éric Perrin is hit by Kris Beech.
6:36 of 3rd period - Wrist shot by Kris Beech.
6:36 of 3rd period - Stopped by Robin Lehner with a rebound.
6:38 of 3rd period - Snap shot by Matt Walker.
6:38 of 3rd period - Stopped by Robin Lehner with a rebound.
6:40 of 3rd period - Slapshot by Kris Beech.
6:40 of 3rd period - Deflect By Paul Bissonnette.
6:40 of 3rd period - Shot Misses the Net.
6:40 of 3rd period - Puck is out of play.
6:41 of 3rd period - Brandon McMillan wins face-off versus Martin Hanzal in Punishers zone.
6:50 of 3rd period - Wrist shot by Martin Hanzal.
6:50 of 3rd period - Stopped by Robin Lehner without a rebound.
6:51 of 3rd period - Alexander Radulov wins face-off versus Brandon McMillan in Punishers zone.
7:10 of 3rd period - Slapshot by Tom Gilbert.
7:10 of 3rd period - Stopped by Justin Pogge without a rebound.
7:11 of 3rd period - Éric Perrin wins face-off versus Patrick O'Sullivan in Ice Dragons zone.
7:38 of 3rd period - Alexander Radulov is hit by Tanner Glass and loses puck.
8:31 of 3rd period - Frazer Mclaren is hit by Éric Perrin and loses puck.
9:27 of 3rd period - Snap shot by Erik Condra.
9:27 of 3rd period - Shot Blocked by Mats Zuccarello.
9:46 of 3rd period - Kris Beech is hit by Éric Perrin and loses puck.
11:23 of 3rd period - Slapshot by Boris Valabik.
11:23 of 3rd period - Shot Misses the Net.
12:01 of 3rd period - Icing by Mike Blunden.
12:02 of 3rd period - Casey Cizikas wins face-off versus Martin Hanzal in Punishers zone.
12:27 of 3rd period - Minor Penalty to Simon Despres for Roughing.
12:28 of 3rd period - Martin Hanzal wins face-off versus Éric Perrin in Punishers zone.
12:28 of 3rd period - Snap shot by Alexander Radulov.
12:28 of 3rd period - Stopped by Robin Lehner with a rebound.
12:34 of 3rd period - Wrist shot by Éric Perrin.
12:34 of 3rd period - Shot Blocked by Adam Pardy.
12:36 of 3rd period - Backhand shot by Éric Perrin.
12:36 of 3rd period - Stopped by Justin Pogge without a rebound.
12:37 of 3rd period - Martin Hanzal wins face-off versus Éric Perrin in Ice Dragons zone.
12:46 of 3rd period - Backhand shot by Kevin Klein.
12:46 of 3rd period - Stopped by Robin Lehner without a rebound.
12:47 of 3rd period - Martin Hanzal wins face-off versus Éric Perrin in Punishers zone.
12:52 of 3rd period - Keaton Ellerby is hit by Alexander Radulov and loses puck.
13:14 of 3rd period - Icing by Adam Pardy.
13:15 of 3rd period - Patrick O'Sullivan wins face-off versus Éric Perrin in Ice Dragons zone.
13:54 of 3rd period - Off-side.
13:55 of 3rd period - Martin Hanzal wins face-off versus Éric Perrin in neutral zone.
14:06 of 3rd period - Icing by Mats Zuccarello.
14:07 of 3rd period - Éric Perrin wins face-off versus Martin Hanzal in Ice Dragons zone.
14:08 of 3rd period - Snap shot by Brad Isbister.
14:08 of 3rd period - Stopped by Justin Pogge without a rebound.
14:09 of 3rd period - Martin Hanzal wins face-off versus Éric Perrin in Ice Dragons zone.
14:27 of 3rd period - Penalty to Simon Despres is over, Simon Despres is back on ice.
14:31 of 3rd period - Kevin Klein is hit by Brad Isbister and loses puck.
14:51 of 3rd period - Slapshot by Tom Gilbert.
14:51 of 3rd period - Stopped by Justin Pogge without a rebound.
14:52 of 3rd period - Adam Pineault wins face-off versus Patrick O'Sullivan in Ice Dragons zone.
14:59 of 3rd period - Snap shot by Adam Pineault.
14:59 of 3rd period - Shot Blocked by Patrick O'Sullivan.
15:04 of 3rd period - Minor Penalty to Cal Clutterbuck for Hooking.
15:05 of 3rd period - Éric Perrin wins face-off versus Kris Beech in Ice Dragons zone.
15:05 of 3rd period - Wrist shot by Mike Grier.
15:05 of 3rd period - Shot Misses the Net.
15:07 of 3rd period - Slapshot by Tom Gilbert.
15:07 of 3rd period - Shot Blocked by Alexander Radulov.
15:09 of 3rd period - Slapshot by Keaton Ellerby.
15:09 of 3rd period - Shot Blocked by Kris Beech.
15:13 of 3rd period - Backhand shot by Éric Perrin.
15:13 of 3rd period - Shot Misses the Net.
15:15 of 3rd period - Slapshot by Tom Gilbert.
15:15 of 3rd period - Shot Blocked by Alexander Radulov.
15:35 of 3rd period - Slapshot by Tom Gilbert.
15:35 of 3rd period - Deflect By Tanner Glass.
15:35 of 3rd period - Stopped by Justin Pogge with a rebound.
15:37 of 3rd period - Snap shot by Adam Pineault.
15:37 of 3rd period - Deflect By Tanner Glass.
15:37 of 3rd period - Shot Misses the Net.
15:37 of 3rd period - Puck is out of play.
15:38 of 3rd period - Éric Perrin wins face-off versus Martin Hanzal in Ice Dragons zone.
16:48 of 3rd period - Brad Isbister is hit by Adam Pardy and loses puck.
17:04 of 3rd period - Penalty to Cal Clutterbuck is over, Cal Clutterbuck is back on ice.
17:23 of 3rd period - Snap shot by Cal Clutterbuck.
17:23 of 3rd period - Stopped by Robin Lehner with a rebound.
18:30 of 3rd period - Brad Isbister is hit by John Mitchell and loses puck.
19:08 of 3rd period - Wrist shot by Éric Perrin.
19:08 of 3rd period - Stopped by Justin Pogge without a rebound.
19:09 of 3rd period - Darryl Sutter call a timeout for Ice Dragons.
19:09 of 3rd period - John Mitchell wins face-off versus Éric Perrin in Ice Dragons zone.
19:09 of 3rd period - John Mitchell is hit by Mike Blunden.
19:17 of 3rd period - Ice Dragons, Justin Pogge is pulled from the net.
19:47 of 3rd period - Snap shot by Alexander Radulov.
19:47 of 3rd period - Stopped by Robin Lehner without a rebound.
19:48 of 3rd period - John Mitchell wins face-off versus Éric Perrin in Punishers zone.
19:53 of 3rd period - Snap shot by Adam Pardy.
19:53 of 3rd period - Stopped by Robin Lehner without a rebound.
19:54 of 3rd period - Paul Bissonnette wins face-off versus Éric Perrin in Punishers zone.
Goals for this period are 0 for Punishers vs 0 for Ice Dragons.
Shots for this period are 10 for Punishers vs 11 for Ice Dragons.
Output by the SimonT Hockey Simulator (STHS) for François Prévost -- Original Page W3C XHTML 1.0 Valid